 Dungeon Crawl Stone Soup version 0.31-a0-149-g3fdcc5976a (webtiles) character file.

Game seed: 5784083900687803585

1657 jlumianski the Magician (level 9, -2/60 HPs)
             Began as a Djinni Fire Elementalist on June 7, 2023.
             Was a Follower of Makhleb.
             Killed themself with a badly aimed concussive blast (8 damage)
             ... on level 6 of the Dungeon.
             The game lasted 00:40:51 (6365 turns).

jlumianski the Magician (Djinni Fire Elementalist)  Turns: 6365, Time: 00:40:54

Health: -2/60      AC:  4    Str:  7    XL:     9   Next: 20%
Gold:   310        EV: 14    Int: 23    God:    Makhleb [*.....] SH:  0 Dex: 15

rFire   + + .        x - +4 dagger of Dishonesty {heavy, Int+3}
rCold   x . .        (no shield)
rNeg    . . .        a - +0 robe
rPois   ∞            s - +1 helmet
rElec   .            (no cloak)
rCorr   .            (no gloves)
SInv    .            (boots unavailable)
Will    +....        (no amulet)
Stlth   +++          m - ring of willpower
HPRegen 0.30/turn    (no ring)
MPRegen 0.00/turn

%: infuse magic (-3 HP)
@: flying
A: sickness immunity, fire resistance 2, cold vulnerability 1, float, innate
caster, HP casting, extra vitality 1
a: Renounce Religion


You were on level 6 of the Dungeon.
You worshipped Makhleb.
Makhleb was aware of your devotion.
You visited 2 branches of the dungeon, and saw 8 of its levels.

You collected 310 gold pieces.

Inventory:

Hand Weapons
 h - a +0 dagger
 i - a +0 short sword
 u - a +1 hand crossbow
 x - the +4 dagger of Dishonesty (weapon) {heavy, Int+3}
   (You took it off an orc on level 3 of the Dungeon)

   Int:       It affects your intelligence (+3).
Missiles
 d - 9 boomerangs (quivered)
 f - 6 poisoned darts
Armour
 a - a +0 robe (worn)
 c - a +0 pair of gloves
 s - a +1 helmet (worn)
Jewellery
 g - a ring of ice
 m - a ring of willpower (left hand)
Scrolls
 j - 2 scrolls of noise
 l - a scroll of poison
 o - a scroll of enchant weapon
 p - a scroll of magic mapping {unknown}
 t - a scroll of immolation {unknown}
 y - 3 scrolls of teleportation {unknown}
 A - a scroll of vulnerability {unknown}
Potions
 b - a potion of might
 e - a potion of mutation {unknown}
 k - a potion of brilliance
 n - a potion of haste
 q - a potion of enlightenment {unknown}
 r - a potion of invisibility
 v - a potion of attraction {unknown}
 w - a potion of curing {unknown}
 z - a potion of lignification {unknown}
 B - a potion of cancellation {unknown}


   Skills:
 + Level 3.0 Fighting
 + Level 2.7 Short Blades
 + Level 0.1 Ranged Weapons
 - Level 0.2 Throwing
 + Level 5.0 Dodging
 + Level 3.7 Stealth
 * Level 6.8 Spellcasting
 * Level 6.8 Conjurations
 * Level 6.8 Hexes
 * Level 6.8 Summonings
 * Level 6.8 Necromancy
 * Level 6.8 Translocations
 * Level 6.8 Transmutations
 * Level 6.8 Fire Magic
 * Level 6.8 Ice Magic
 * Level 6.8 Air Magic
 * Level 6.8 Earth Magic
 * Level 6.8 Poison Magic


You knew the following spells:

 Your Spells              Type           Power      Damage    Failure   Level
a - Foxfire               Conj/Fire      100%       2x1d9     1%          1
b - Scorch                Fire           78%        2d8       1%          2
c - Volatile Blastmotes   Fire/Tloc      78%        2d16      1%          3
d - Inner Flame           Hex/Fire       39%        N/A       1%          3
e - Flame Wave            Conj/Fire      39%        2d11      4%          4
f - Sting                 Tmut/Pois      100%       1d8       1%          1
g - Passwall              Tmut/Erth      32%        N/A       1%          2
h - Vampiric Draining     Necr           39%        2d8       1%          3
i - Fulminant Prism       Conj/Hex       19%        3d10      4%          4
Your spell library was empty.

Dungeon Overview and Level Annotations

Branches:
Dungeon (7/15)             Temple (1/1) D:4

Altars:
Ashenzari
Cheibriados
Dithmenos
Elyvilon
Fedhas
Gozag
Hepliaklqana
Makhleb
Nemelex Xobeh
Qazlal
Ru
Trog
Uskayaw
Wu Jian
Xom
Zin
The Shining One

Annotations:
D:6 Menkaure
Temple 2 transporters


Innate Abilities, Weirdness & Mutations

You are immune to sickness and miasma.
You are immune to poison.
Your flesh is very heat resistant. (rF++)
You are vulnerable to cold. (rC-)
You float through the air rather than walking.
You learn spells naturally, not from books.
Your magical power is your life essence.
You have superior vitality. (+4 MHP)


Message History

The foxfire hits the hound!
The hound is burned terribly!
The hound is severely wounded.
The hound bites you. The hound closely misses you.
You hit the hound.
The hound is almost dead.
The hound is no longer more vulnerable to fire.
The hound bites you.
* * * LOW HITPOINT WARNING * * *
The phantom closely misses you. The hound bites you but does no damage.
The phantom barely misses you.
Casting: Foxfire (safe; 1% risk of failure)
Confirm with . or Enter, or press ? or * to list all spells.
Aiming: Vampiric Draining (safe; 1% risk of failure)
Press: ? - help, Shift-Dir - straight line, f - hound
Aim: a hound (almost dead)
You draw life force from the hound!
You kill the hound!
Makhleb accepts your kill.
You feel better.
You feel life coursing into your body. The phantom misses you.
Casting: Vampiric Draining (safe; 1% risk of failure)
Confirm with . or Enter, or press ? or * to list all spells.
You conjure some foxfire!
* * * LOW HITPOINT WARNING * * *
The phantom hits you.
* * * LOW HITPOINT WARNING * * *
The phantom blinks!
You blink.
The foxfire hits the phantom but does no damage. x2
Casting: Foxfire (safe; 1% risk of failure)
Confirm with . or Enter, or press ? or * to list all spells.
A cloud of volatile blastmotes flares up around you!
* * * LOW HITPOINT WARNING * * *
The phantom hits you.
* * * LOW HITPOINT WARNING * * *
The phantom attacks as you move away!
The phantom hits you but does no damage.
The cloud of blastmotes explodes!
The concussive blast engulfs the phantom!!
The phantom is severely damaged.
The concussive blast engulfs you! You resist.
You die...

#........#†.~~~~~..#
#.#......##..~~~..#
#...########..~..# .
#..........##...##..
###.#######.)§......##### #.#
#.§......#..... #.#
#....#####.....
#.#######......#.......
#.#...@W...###.........
#.#.######.###.........
#.#......#.###.....)...
#.#....#.#..#..........
######.#...<..#..#..........
#......#......#.._..........
......#.#.........#..........
..B.. #.#.........#....######
.... #.#........###..##


You could see a phantom.

Vanquished Creatures
  The ghost of roninjake the Shooter, an amateur MiHu (D:3)
  A steam dragon (D:5)
  A water moccasin (D:7)
  An ice beast (D:6)
  A bullfrog (D:7)
  3 necrophages (D:4)
  A scorpion (D:5)
  4 crimson imps
  2 hounds
  A jelly (D:6)
  An orc priest (D:3)
  2 sleepcaps
  Terence (D:3)
  Natasha (twice) (D:3)
  4 iguanas
  2 orc wizards
  3 hound zombies (D:4)
  Robin (D:2)
  A gnoll (D:6)
  6 adders
  2 shadow imps (D:6)
  2 white imps
  3 ufetubi
  An adder zombie (D:4)
  A worm (D:2)
  17 orcs
  9 ball pythons
  8 endoplasms
  2 giant cockroaches
  9 hobgoblins
  5 jackals
  4 kobolds
  A quokka (D:3)
  4 bats
  2 frilled lizards (D:1)
  11 goblins
  A quokka zombie (D:4)
  5 rats
  A spectral kobold (D:1)
127 creatures vanquished.

Vanquished Creatures (collateral kills)
  A foxfire (D:4)
1 creature vanquished.

Vanquished Creatures (others)
  242 foxfires
  A fulminant prism (D:5)
243 creatures vanquished.

Grand Total: 371 creatures vanquished

Notes
Turn   | Place    | Note
-------+----------+-------------------------------------------
     0 | D:1      | jlumianski the Djinni Fire Elementalist began the quest for
                  | the Orb.
     0 | D:1      | jlumianski set off with the following spells memorised:
                  | Foxfire, Scorch, Volatile Blastmotes, Inner Flame, Flame
                  | Wave.
     0 | D:1      | Reached XP level 1. HP: 15/15 MP: 0/0
    43 | D:1      | Reached XP level 2. HP: 13/21 MP: 0/0
    90 | D:1      | Found a faded altar of an unknown god.
   252 | D:1      | Reached XP level 3. HP: 21/25 MP: 0/0
   252 | D:1      | Learned a level 1 spell: Sting
   764 | D:2      | Noticed Robin
  1111 | D:2      | Reached XP level 4. HP: 30/31 MP: 0/0
  1332 | D:3      | Found a white marble altar of Elyvilon.
  1508 | D:2      | Killed Robin
  1680 | D:3      | Noticed Terence
  1694 | D:3      | Killed Terence
  1695 | D:3      | Reached XP level 5. HP: 17/35 MP: 0/0
  1695 | D:3      | Learned a level 2 spell: Passwall
  1811 | D:3      | Found an ornate altar of the Wu Jian Council.
  1909 | D:3      | Found a shimmering altar of Xom.
  2064 | D:4      | Reached XP level 6. HP: 16/41 MP: 0/0
  2174 | D:4      | Found a staircase to the Ecumenical Temple.
  2237 | Temple   | Entered the Ecumenical Temple
  2237 | Temple   | Found a transporter.
  2237 | Temple   | Found a transporter.
  2239 | Temple   | Found a transporter.
  2239 | Temple   | Found a transporter.
  2260 | Temple   | Became a worshipper of Makhleb the Destroyer
  2634 | D:4      | Found a runed translucent gate.
  2635 | D:4      | Found a runed translucent gate.
  2636 | D:4      | Found a runed translucent gate.
  2638 | D:4      | Noticed roninjake's ghost (amateur MiHu)
  2638 | D:4      | Identified the +4 dagger of Dishonesty {heavy, Int+3}
  2638 | D:4      | Identified the +4 scale mail "Cich" {Int+2}
  2803 | D:3      | Reached skill level 1 in Short Blades
  2883 | D:3      | Noticed Natasha
  2890 | D:3      | Killed Natasha
  2947 | D:3      | Noticed Natasha
  2955 | D:3      | Killed Natasha
  2956 | D:3      | Reached skill level 1 in Fighting
  3135 | D:5      | Entered Level 5 of the Dungeon
  3301 | D:4      | Found a blossoming altar of Fedhas.
  3741 | D:4      | Reached XP level 7. HP: 45/47 MP: 0/0
  3741 | D:4      | Learned a level 3 spell: Vampiric Draining
  4226 | D:3      | HP: 2/47 [roninjake's ghost (11)]
  4238 | D:3      | Killed roninjake's ghost
  4239 | D:3      | Reached skill level 5 in Spellcasting
  4239 | D:3      | Reached skill level 5 in Conjurations
  4239 | D:3      | Reached skill level 5 in Hexes
  4239 | D:3      | Reached skill level 5 in Summonings
  4239 | D:3      | Reached skill level 5 in Necromancy
  4239 | D:3      | Reached skill level 5 in Translocations
  4239 | D:3      | Reached skill level 5 in Transmutations
  4239 | D:3      | Reached skill level 5 in Fire Magic
  4239 | D:3      | Reached skill level 5 in Ice Magic
  4239 | D:3      | Reached skill level 5 in Air Magic
  4239 | D:3      | Reached skill level 5 in Earth Magic
  4239 | D:3      | Reached skill level 5 in Poison Magic
  4617 | D:4      | Reached XP level 8. HP: 27/54 MP: 0/0
  4751 | D:4      | Reached * piety under Makhleb
  5020 | D:5      | Found an opulent altar of Gozag.
  5080 | D:6      | Found a broken altar of Ashenzari.
  5139 | D:6      | Found a bloodstained altar of Trog.
  5400 | D:6      | Noticed a boulder beetle
  5541 | D:5      | Reached XP level 9. HP: 59/59 MP: 0/0
  5541 | D:5      | Learned a level 4 spell: Fulminant Prism
  6023 | D:5      | Found a glowing silver altar of Zin.
  6110 | D:6      | Found a sacrificial altar of Ru.
  6209 | D:6      | Noticed Menkaure
  6327 | D:6      | Reached skill level 5 in Dodging
  6365 | D:6      | Killed themself with a badly aimed concussive blast

Illustrated notes

Levels and vault maps discovered:
D:1:      saegor_arrival_miasma, layout_basic,
          dreamdust_ecumenical_altar_drowned_temple
D:2:      layout_loops_cross, minivault_19, chequers_serial_rivers_small_a,
          feat_on_display, uniq_robin
D:3:      layout_basic, mainiacjoe_overflow_small_starburst,
          general_overflow_altar, led_xom_imps, uniq_terence, uniq_natasha
D:4:      layout_loops_corners, fedhas_altar_decomposition,
          minmay_temple_entry_statues, biasface_ghost_orc_armoury
D:5:      layout_basic, nicolae_overflow_crystal_walls, zin_statuary
D:6:      minmay_opposing_rooms, layout_basic, cheibrodos_ashenzari_chains,
          mainiacjoe_overflow_brackets, nicolae_ru_great_annihilating_truth,
          amcnicky_mini_pool_medium, uniq_menkaure
D:7:      minmay_angry_zag, layout_loops_ring
Temple:   hellmonk_temple_divided_pantheon

Skill      XL: |  1  2  3  4  5  6  7  8  9 |
---------------+----------------------------+-----
Spellcasting   | 4 5 6 |  6.8
Conjurations   | 4 5 6 |  6.8
Hexes          | 4 5 6 |  6.8
Summonings     | 4 5 6 |  6.8
Necromancy     | 4 5 6 |  6.8
Translocations | 4 5 6 |  6.8
Transmutations | 4 5 6 |  6.8
Fire Magic     | 4 5 6 |  6.8
Ice Magic      | 4 5 6 |  6.8
Air Magic      | 4 5 6 |  6.8
Earth Magic    | 4 5 6 |  6.8
Poison Magic   | 4 5 6 |  6.8
Stealth        | 2 3 |  3.7
Dodging        | 3 4 5 |  5.0
Short Blades   | 1 2 |  2.7
Fighting       | 1 2 3 |  3.0
Ranged Weapons | |  0.1
Throwing       | |  0.2

Action                     |  1- 3 |  4- 6 |  7- 9 || total
---------------------------+-------+-------+-------++-------
  Melee: Unarmed           |    10 |       |       ||    10
         Short sword       |    10 |    66 |     3 ||    79
         Dagger            |     1 |       |    52 ||    53
         Punch             |       |     1 |       ||     1
   Fire: Hand crossbow     |       |     5 |       ||     5
  Throw: Boomerang         |       |     5 |       ||     5
   Cast: Foxfire           |    44 |    37 |    62 ||   143
         Scorch            |     1 |    11 |    18 ||    30
         Volatile Blastmot |       |     4 |     9 ||    13
         Sting             |       |    23 |     5 ||    28
         Inner Flame       |       |       |     4 ||     4
         Vampiric Draining |       |       |     5 ||     5
         Fulminant Prism   |       |       |     1 ||     1
    Use: Scroll            |       |     3 |     3 ||     6
         Potion            |       |     1 |     7 ||     8
   Stab: Sleeping          |     1 |     1 |     2 ||     4
         Distracted        |       |     1 |       ||     1
         Paralysed         |       |       |     1 ||     1
 Armour: Robe              |     7 |    16 |    18 ||    41
  Dodge: Dodged            |    19 |    48 |    67 ||   134

Table legend: (Time is in decaauts)
 A = Elapsed time spent in this place.
 B = Non-inter-level travel time spent in this place.
 C = Inter-level travel time spent in this place.
 D = Time resting spent in this place.
 E = Time spent auto-exploring this place.
 F = Levels seen in this place.
 G = Mean time per level.
                   A        B        C        D        E       F      G
               +--------+--------+--------+--------+--------+-----+--------+
         Total |   6380 |   6144 |    236 |    705 |   3512 |   8 |  797.5 |
       Dungeon |   6341 |   6105 |    236 |    705 |   3512 |   7 |  905.9 |
        Temple |     39 |     39 |      0 |      0 |      0 |   1 |   39.0 |
               +--------+--------+--------+--------+--------+-----+--------+

Top non-repeatable levels by time:
     D:4: 1774 daAuts
     D:3: 1511 daAuts
     D:2: 981 daAuts
     D:5: 886 daAuts
     D:1: 629 daAuts
     D:6: 440 daAuts
     D:7: 116 daAuts
  Temple: 39 daAuts
